 Dungeon Sprint DCSS version 0.15-a0-1206-g3bad1a6 (webtiles) character file.

521 Infinimo the Grappler (level 7, 0/73 HPs)
             Began as a Minotaur Monk on June 1, 2014.
             Was a Believer of Trog.
             Slain by Sonja
             ... wielding a +0,+0 short sword of distortion
              (2 damage)
             ... in the Dungeon (Sprint I: "Red Sonja").
             The game lasted 00:02:20 (624 turns).

Infinimo the Grappler (Minotaur Monk)                Turns: 624, Time: 00:02:21

HP   0/73        AC  8     Str 17      XL: 7   Next:  1%
MP   3/3         EV  6     Int  7      God: Trog [**....]
Gold 168         SH  0     Dex 13      Spells:  0 memorised,  6 levels left

rFire  . . .     SeeInvis .       - Unarmed
rCold  . . .     Clarity  .     g - +0 chain mail
rNeg   . . .     rCorr    .     (no shield)
rPois  .         rRot     .     (helmet restricted)
rElec  .         Spirit   .     (no cloak)
SustAb .         Warding  .     (no gloves)
rMut   .         NoTele   +     (no boots)
Gourm  .                        (no amulet)
MR     ++...                    (no ring)
                                (no ring)

@: exhausted, short of breath, regenerating, slowed, very slow, very resistant
to hostile enchantments, extremely unstealthy
A: retaliatory headbutt, horns 2
a: Burn Spellbooks, Berserk, Trog's Hand, Renounce Religion


You were in the Dungeon.
You worshipped Trog.
Trog was pleased with you.
You were hungry.

You visited 1 branch You collected 168 gold pieces.

Inventory:

Armour
 g - a +0 chain mail (worn)
Comestibles
 b - a bread ration
Scrolls
 h - a scroll of blinking
Potions
 e - a potion of haste
 f - 2 potions of magic
Books
 d - a book of Unlife

   Spells                             Type                      Level
   Recall                             Summoning/Translocation      3
   Animate Dead                       Necromancy                   4
   Control Undead                     Necromancy                   4
   Twisted Resurrection               Necromancy                   5
   Death Channel                      Necromancy                   6
   Simulacrum                         Ice/Necromancy               6
   Trog disapproves of the use of such an item.


   Skills:
 - Level 10.9 Fighting
 + Level 0.0 Armour
 - Level 3.2 Dodging
 - Level 1.5 Stealth
 * Level 13.5 Unarmed Combat


You had 6 spell levels left.
You didn't know any spells.

Dungeon Overview and Level Annotations

Branches:
Dungeon (1/1)

Altars:
Cheibriados
Dithmenos
Elyvilon
Fedhas
Gozag
Kikubaaqudgha
Makhleb
Nemelex Xobeh
Okawaru
Qazlal
Sif Muna
Trog
Vehumet
Xom
Yredelemnul
Zin
The Shining One
Jiyva

Shops:
D (

Annotations:
D Sonja


Innate Abilities, Weirdness & Mutations

You reflexively headbutt those who attack you in melee.
You have a pair of horns on your head.


Message History

You feel very sick.
Something unseen opens the door.
You close the door.
You feel the effects of Trog's Hand fading.
You feel very sick.
Something unseen opens the door.
Drink which item? (? for menu, Esc to quit)
You feel better.
Sonja unwields an uncursed blowgun.
Sonja wields an uncursed short sword of distortion.
Its appearance distorts for a moment.
Sonja hits you with an uncursed short sword of distortion.
Space warps horribly around you!
* * * LOW HITPOINT WARNING * * *
You feel a strange sense of stasis.
Sonja hits you with an uncursed short sword of distortion.
* * * LOW HITPOINT WARNING * * *
Sonja hits you with an uncursed short sword of distortion!
* * * LOW HITPOINT WARNING * * *
Sonja hits you with an uncursed short sword of distortion.
You die...

###################
#<.#..').#.)'..#__#
#..').#..'..#..'..+
#..#####'#####'#__#
#..####..#...#[####
#..#__####@.##.#
#..#_..._##K#..+
#⌠⌠#_.∩...'(.._#
####_..._##_(#+#
#_____###'# #######
#.# $.$ $.$# ##.##


You could see Sonja.

Vanquished Creatures
  A slime creature (D)
  An elephant slug (D)
  An ogre (D)
  Sigmund (D)
  A jelly (D)
  Ijyb (D)
6 creatures vanquished.

Notes
Turn   | Place    | Note
--------------------------------------------------------------
     0 | D        | Infinimo, the Minotaur Monk, began the quest for the Orb.
     0 | D        | Reached XP level 1. HP: 19/19 MP: 1/1
     1 | D        | Noticed Ijyb
    14 | D        | Killed Ijyb
    14 | D        | Reached skill level 5 in Fighting
    14 | D        | Reached skill level 6 in Unarmed Combat
    14 | D        | Reached XP level 2. HP: 21/29 MP: 1/1
    99 | D        | Noticed an ogre
   103 | D        | Killed an ogre
   103 | D        | Reached skill level 7 in Fighting
   103 | D        | Reached skill level 9 in Unarmed Combat
   103 | D        | Reached XP level 3. HP: 33/39 MP: 2/2
   103 | D        | Reached XP level 4. HP: 39/47 MP: 2/2
   157 | D        | Noticed Sigmund
   168 | D        | Killed Sigmund
   168 | D        | Reached skill level 10 in Unarmed Combat
   168 | D        | Reached XP level 5. HP: 30/56 MP: 2/2
   304 | D        | Found a snail-covered altar of Cheibriados.
   304 | D        | Found a viscous altar of Jiyva.
   304 | D        | Found a shadowy altar of Dithmenos.
   304 | D        | Found a blossoming altar of Fedhas.
   304 | D        | Noticed a slime creature
   315 | D        | Killed a slime creature
   315 | D        | Reached skill level 10 in Fighting
   315 | D        | Reached skill level 12 in Unarmed Combat
   315 | D        | Reached XP level 6. HP: 18/66 MP: 3/3
   542 | D        | Found a deep blue altar of Sif Muna.
   542 | D        | Noticed a jelly
   544 | D        | Found a radiant altar of Vehumet.
   548 | D        | Killed a jelly
   568 | D        | Found Gewar's Weapon Emporium.
   568 | D        | Found a white marble altar of Elyvilon.
   568 | D        | Found a stormy altar of Qazlal.
   568 | D        | Found a basalt altar of Yredelemnul.
   568 | D        | Found an iron altar of Okawaru.
   568 | D        | Found a sparkling altar of Nemelex Xobeh.
   568 | D        | Found a shimmering altar of Xom.
   568 | D        | Found an ancient bone altar of Kikubaaqudgha.
   568 | D        | Noticed an elephant slug
   579 | D        | Killed an elephant slug
   579 | D        | Reached skill level 13 in Unarmed Combat
   579 | D        | Reached XP level 7. HP: 68/73 MP: 3/3
   580 | D        | Found a burning altar of Makhleb.
   580 | D        | Found a glowing golden altar of the Shining One.
   580 | D        | Found an opulent altar of Gozag.
   580 | D        | Found a glowing silver altar of Zin.
   581 | D        | Found a bloodstained altar of Trog.
   584 | D        | Became a worshipper of Trog the Wrathful
   584 | D        | Acquired Trog's first power
   584 | D        | Acquired Trog's second power
   613 | D        | Noticed Sonja
   624 | D        | HP: 2/73 [Sonja/uncursed short sword of distortion (8)]
   624 | D        | Slain by Sonja

Action                   |  1- 3 |  4- 6 |  7- 9 || total
-------------------------+-------+-------+-------++-------
Melee: Unarmed           |    15 |    25 |       ||    40
Invok: Berserk           |       |       |     1 ||     1
       Trog's Hand       |       |       |     1 ||     1
  Use: Potion            |     1 |     1 |     1 ||     3
 Stab: Sleeping          |       |     1 |       ||     1
